 Dungeon Crawl Stone Soup version 0.25-a0-942-g87a5396 (webtiles) character file.

Game seed: 12840529933609979105, levelgen mode: deterministic

113856 DrEnzyme the Markskobold (level 17, 0/113 HPs)
             Began as a Kobold Wanderer on May 7, 2020.
             Was a High Priest of the Shining One.
             Killed from afar by a merfolk aquamancer (36 damage)
             ... with a torrent of water
             ... on level 4 of the Shoals.
             The game lasted 01:33:46 (38952 turns).

DrEnzyme the Markskobold (Kobold Wanderer)         Turns: 38952, Time: 01:33:47

Health: 0/113      AC: 31    Str: 21    XL:     17   Next: 19%
Magic:  19/24      EV: 16    Int: 16    God:    the Shining One [*****.]
Gold:   330        SH:  0    Dex: 17    Spells: 16/18 levels left

rFire    . . .     SeeInvis .   b - +8 shortbow (freeze)
rCold    + + +     Gourm    .   (shield currently unavailable)
rNeg     + + +     Faith    .   z - +4 storm dragon scales {Bai Suzhen}
rPois    +         Spirit   .   O - +2 helmet
rElec    +         Reflect  .   T - +2 cloak {MR+}
rCorr    .         Harm     .   I - +2 pair of gloves {Str+3}
MR       ++...                  W - +2 pair of boots
Stlth    ..........             u - amulet of regeneration
HPRegen  0.68/turn              L - ring "Daytenku" {rPois rC+ Int+3}
MPRegen  0.19/turn              S - ring "Mianaroe" {rC++ rN+ Stlth-}

@: glowing, studying Shields
A: small, agile 1, carnivore, strong 1
a: Divine Shield, Cleansing Flame, Summon Divine Warrior, Renounce Religion


You were on level 4 of the Shoals.
You worshipped the Shining One.
The Shining One was extremely pleased with you.
You were very full.

You visited 5 branches of the dungeon, and saw 26 of its levels.
You also visited: Gauntlet.

You collected 2791 gold pieces.
You spent 2461 gold pieces at shops.

Inventory:

Hand Weapons
 a - a +3 vorpal rapier
 b - a +8 shortbow of freezing (weapon)
 c - a +1 short sword of holy wrath
 B - a +0 short sword of venom
Missiles
 v - 118 arrows (quivered)
 Y - a throwing net
Armour
 x - a +0 leather armour of fire resistance
 z - +4 storm dragon scales (worn) {Bai Suzhen}
 I - a +2 pair of gloves of strength (worn)
 M - a +4 scale mail of poison resistance
 O - a +2 helmet (worn)
 P - a +3 plate armour of cold resistance
 R - a +0 buckler
 T - a +2 cloak of magic resistance (worn)
 W - a +2 pair of boots (worn)
Jewellery
 k - an uncursed ring of fire
 u - an amulet of regeneration (around neck)
 L - the ring "Daytenku" (left hand) {rPois rC+ Int+3}
   (You took it off an orc wizard on level 2 of the Orcish Mines)

   [ring of protection from cold]

   It affects your intelligence (+3).
   It protects you from cold.
   It protects you from poison.
 S - the ring "Mianaroe" (right hand) {rC++ rN+ Stlth-}
   (You found it in a Gauntlet)

   [ring of attention]

   It greatly protects you from cold.
   It protects you from negative energy.
   It makes you less stealthy.
Wands
 l - a wand of polymorph (19)
 y - a wand of flame (20)
 K - a wand of enslavement (10)
 N - a wand of iceblast (4)
 Q - a wand of scattershot (5)
 U - a wand of acid (17)
Scrolls
 d - 4 scrolls of remove curse
 i - 2 scrolls of identify
 j - 9 scrolls of teleportation
 m - 2 scrolls of blinking
 o - 3 scrolls of fear
 t - a scroll of fog
 D - a scroll of amnesia {unknown}
 J - 5 scrolls of magic mapping
Potions
 g - 11 potions of curing
 h - a potion of heal wounds
 n - 2 potions of mutation
 p - 2 potions of brilliance
 q - 4 potions of stabbing
 r - 7 potions of degeneration
 s - 5 potions of cancellation
 w - 3 potions of haste
 A - a potion of ambrosia
 E - 4 potions of lignification
 F - 2 potions of might
 G - 5 potions of berserk rage {unknown}
 H - 4 potions of flight
 X - 4 potions of magic
Books
 e - a manual of Shields
Miscellaneous
 C - a box of beasts
 V - a lightning rod (4/4)
Comestibles
 f - 53 rations


   Skills:
 * Level 15.1 Fighting
 + Level 10.3 Short Blades
 + Level 16.6 Bows
 + Level 8.4 Armour
 * Level 9.0 Dodging
 + Level 7.1 Stealth
 + Level 8.8 Shields
 - Level 1.0 Unarmed Combat
 - Level 1.1 Spellcasting
 - Level 2.0 Translocations
 + Level 9.8 Invocations
 - Level 1.2 Evocations


You had 16 spell levels left.
You knew the following spells:

 Your Spells              Type           Power        Failure   Level  Hunger
a - Blink                 Tloc           N/A          71%         2    ###....

Your spell library contained the following spells:

 Spells                   Type           Power        Failure   Level  Hunger
 Corona                   Hex            #......      85%         1    ##.....
 Freeze                   Ice            #...         85%         1    ##.....
 Infusion                 Chrm           #...         85%         1    ##.....
 Magic Dart               Conj           #...         85%         1    ##.....
 Pain                     Necr           #...         85%         1    ##.....
 Sting                    Tmut/Pois      #...         85%         1    ##.....
 Summon Butterflies       Summ           #.......     85%         1    ##.....
 Shroud of Golubria       Chrm/Tloc      #.....       85%         2    ###....
 Corpse Rot               Necr/Air       N/A          94%         2    ###....
 Ensorcelled Hibernation  Hex/Ice        #.....       94%         2    ###....
 Poisonous Vapours        Pois/Air       #.....       94%         2    ###....
 Searing Ray              Conj           #.....       94%         2    ###....
 Slow                     Hex            #.......     94%         2    ###....
 Song of Slaying          Chrm           #.......     94%         2    ###....
 Sublimation of Blood     Necr           #.........   94%         2    ###....
 Portal Projectile        Hex/Tloc       #.....       97%         3    ####...
 Call Canine Familiar     Summ           #.......     99%         3    ####...
 Confusing Touch          Hex            #.......     99%         3    ####...
 Dazzling Flash           Conj/Hex       #.....       99%         3    ####...
 Frozen Ramparts          Ice            #.....       99%         3    ####...
 Ignite Poison            Fire/Tmut/Pois #.......     99%         3    ####...
 Inner Flame              Hex/Fire       #.......     99%         3    ####...
 Ozocubu's Armour         Chrm/Ice       #.......     99%         3    ####...
 Spectral Weapon          Hex/Chrm       #.......     99%         3    ####...
 Spider Form              Tmut/Pois      #.........   99%         3    ####...
 Tukima's Dance           Hex            #.......     99%         3    ####...
 Vampiric Draining        Necr           #.........   99%         3    ####...
 Cause Fear               Hex            #.........   100%        4    #####..
 Dispel Undead            Necr           #.......     100%        4    #####..
 Fulminant Prism          Conj/Hex       #.........   100%        4    #####..
 Hailstorm                Conj/Ice       #.......     100%        4    #####..
 Iskenderun's Mystic Bla  Conj/Tloc      #.......     100%        4    #####..
 Leda's Liquefaction      Hex/Erth       #.........   100%        4    #####..
 Summon Ice Beast         Ice/Summ       #.......     100%        4    #####..
 Summon Lightning Spire   Summ/Air       #.......     100%        4    #####..
 Agony                    Necr           #.......     100%        5    ######.
 Alistair's Intoxication  Tmut/Pois      #.......     100%        5    ######.
 Bolt of Magma            Conj/Fire/Erth #.........   100%        5    ######.
 Excruciating Wounds      Chrm/Necr      #.........   100%        5    ######.
 Iskenderun's Battlesphe  Conj/Chrm      #.......     100%        5    ######.
 Silence                  Hex/Air        #.........   100%        5    ######.
 Summon Mana Viper        Hex/Summ       #.......     100%        5    ######.
 Conjure Ball Lightning   Conj/Air       #.........   100%        6    #######
 Eringya's Noxious Bog    Tmut/Pois      #.........   100%        6    #######
 Iron Shot                Conj/Erth      #.........   100%        6    #######
 Dragon Form              Tmut           #.........   100%        7    #######
 Orb of Destruction       Conj           #.........   100%        7    #######
 Ring of Flames           Chrm/Fire      #.........   100%        7    #######
 Spellforged Servitor     Conj/Summ      #.........   100%        7    #######
 Summon Hydra             Summ           #.........   100%        7    #######
 Tornado                  Air            #.........   100%        9    #######


Dungeon Overview and Level Annotations

Branches:
Dungeon (13/15)            Temple (1/1) D:4            Lair (6/6) D:9
 Shoals (4/4) Lair:3       Spider (0/4) Lair:4        Slime (0/5) Lair:6
    Orc (2/2) D:9             Elf (0/3) Orc:2       Gauntlet (visited)
 Vaults: D:13-14

Altars:
Ashenzari
Cheibriados
Dithmenos
Elyvilon
Fedhas
Gozag
Hepliaklqana
Kikubaaqudgha
Makhleb
Nemelex Xobeh
Okawaru
Qazlal
Ru
Sif Muna
Trog
Uskayaw
Vehumet
Wu Jian
Xom
Yredelemnul
Zin
The Shining One
Beogh
Jiyva

Shops:
D:7 }   D:11 [   Orc:1 :   Orc:2 ?(?}

Annotations:
D:3 1 runed translucent door, Crazy Yiuf, Sigmund
D:4 3 runed translucent doors, exclusion: 3 doors, Heartnet's ghost, amateur DENe; lightray's ghost, amateur GrSu; pawew's ghost, amateur DEWz; porkupine's ghost, amateur NaAK
D:5 exclusion: downstairs
D:8 exclusion: door, Psyche


Innate Abilities, Weirdness & Mutations

You are small and have problems with some larger weapons.
You are carnivorous and can eat meat at any time.
You are agile. (Dex +2)
Your muscles are strong. (Str +2)


Message History

The golden flame engulfs the merfolk aquamancer!!
The merfolk aquamancer is almost dead.
The golden flame engulfs the merfolk aquamancer!!
The merfolk aquamancer is moderately wounded.
The golden flame engulfs the merfolk javelineer!!
You kill the merfolk javelineer!
You hear a splash. x3
The golden flame engulfs the merfolk impaler!
The merfolk impaler is moderately wounded.
The golden flame engulfs the merfolk!!
The merfolk is heavily wounded.
You feel somewhat less full.
You hear an angry hiss.
The merfolk impaler hits you from afar with a +0 trident.
The merfolk aquamancer casts a spell at you.
The ball of steam hits you!!
The merfolk aquamancer is engulfed in a cloud of scalding steam.
The merfolk aquamancer gestures at you while chanting.
The torrent of water hits you!!!
You die...

≈≈≈≈≈≈≈≈≈≈≈≈≈≈≈... ###
≈≈≈≈≈≈≈≈≈≈≈≈≈≈≈≈≈.≈≈##. ≈≈ ##≈≈
#≈≈≈≈≈≈≈≈≈≈≈≈≈≈≈≈.≈≈.## ≈≈≈ #≈m≈
#≈≈≈≈≈≈≈≈≈≈≈≈≈≈≈≈≈≈≈..≈ ≈≈≈≈#≈≈φ
#≈≈≈≈≈≈≈≈≈≈≈≈≈≈≈≈≈.≈... ≈≈≈≈#≈≈≈
#≈≈≈≈≈≈≈≈≈≈≈≈≈≈≈≈≈≈≈≈≈≈ ≈≈≈≈##≈m
##≈≈≈≈≈≈§§≈≈≈≈≈≈≈≈≈≈≈≈≈≈
≈≈≈≈≈##'##≈≈≈≈m§≈§(≈≈≈≈≈≈≈≈≈≈≈≈≈≈
≈≈≈≈...C≈≈≈≈≈≈mm@§≈≈≈≈≈≈≈≈≈≈≈≈≈≈≈
≈^≈......((.Cmmm§≈≈≈≈≈≈≈≈≈≈≈≈≈≈≈≈
≈≈...[..§.....()≈≈≈≈≈≈≈≈≈≈≈≈≈≈≈≈≈
............((((≈≈≈≈≈≈≈≈≈≈≈≈≈≈≈≈≈
..).............≈≈≈≈≈≈≈≈≈≈≈≈≈≈≈≈≈
≈≈≈..............≈≈≈≈≈≈≈≈≈≈≈≈≈###
≈≈≈≈≈............≈≈≈≈≈≈≈≈≈≈≈≈##..
≈≈≈≈≈≈...........≈≈≈≈≈≈≈≈ ≈≈.#...
≈≈≈≈≈≈≈..≈......≈≈≈≈≈≈≈≈≈ #...


You could see 2 merfolk impalers, a merfolk javelineer, 2 merfolk aquamancers, a
merfolk and a cyclops.

Vanquished Creatures
  An orc warlord (Orc:2)
  Snorg (D:11)
  2 merfolk javelineers
  A fire dragon (Lair:6)
  8 merfolk impalers
  Erolcha (Orc:1)
  An ice dragon (Shoals:3)
  A merfolk avatar (Shoals:4)
  5 hydras
  A centaur warrior (D:13)
  A catoblepas (Lair:6)
  A merfolk aquamancer (Shoals:2)
  An alligator snapping turtle (Shoals:1)
  3 satyrs
  A two-headed ogre (D:10)
  6 death yaks
  An alligator (Lair:6)
  3 orc high priests (Orc:2)
  Urug (D:11)
  Sonja (D:11)
  2 thrashing horrors (Gauntlet)
  A fire crab (Lair:6)
  A swamp dragon (Lair:6)
  11 sea snakes
  An unseen horror (D:10)
  Pikel (D:6)
  4 harpies (Shoals:4)
  6 orc knights
  10 fauns
  14 manticores
  6 orc sorcerers
  3 ugly things (D:12)
  A cyclops (Shoals:1)
  8 elephants
  5 black mambas
  7 merfolk sirens
  A torpor snail (Lair:4)
  Maurice (D:11)
  A centaur skeleton (D:11)
  3 water nymphs
  A centaur zombie (D:10)
  10 spiny frogs
  4 rime drakes
  5 komodo dragons
  21 merfolk
  A meliai (shapeshifter) (Gauntlet)
  5 trolls
  Prince Ribbit (D:8)
  3 raiju (Lair:6)
  9 polar bears
  4 wind drakes
  A raiju (shapeshifter) (D:13)
  21 blink frogs
  4 dream sheep (Shoals:1)
  7 snapping turtles
  6 hippogriffs
  6 water elementals
  2 wraiths (D:11)
  A wyvern (D:8)
  26 yaks
  A hungry ghost (D:11)
  3 steam dragons
  9 wargs
  Menkaure (D:6)
  A soldier ant (D:11)
  3 acid dragons
  10 water moccasins
  Duvessa (D:7)
  14 hell hounds (Lair:6)
  3 swamp drakes (Lair:6)
  11 porcupines
  28 orc warriors
  12 black bears
  3 sky beasts
  A phantom (D:12)
  4 small abominations (Gauntlet)
  12 ogres
  6 ice beasts
  13 crocodiles
  23 wolves
  8 centaurs
  2 big kobolds
  15 bullfrogs
  Dowan (D:7)
  3 scorpions
  3 killer bees
  12 wights
  5 electric eels
  2 howler monkeys (D:12)
  A bullfrog zombie (D:12)
  2 crimson imps (D:8)
  A quasit (D:11)
  6 hounds
  17 orc priests
  A bullfrog skeleton (D:6)
  19 orc wizards
  Terence (D:2)
  4 iguanas
  Natasha (thrice) (D:4)
  5 hell rats (Lair:6)
  13 worker ants
  3 hound zombies
  3 worker ant zombies
  4 gnolls (D:6)
  A howler monkey skeleton (D:9)
  10 adders
  2 river rats
  2 shadow imps
  An adder zombie (D:8)
  2 adder skeletons
  3 worms
  68 orcs
  5 giant cockroaches
  8 goblins
  7 hobgoblins
  23 jackals
  16 kobolds
  3 quokkas
  4 ball pythons
  4 bats
  2 frilled lizards
  A jackal zombie (D:7)
  8 rats
  4 fungi
  2 plants
735 creatures vanquished.

Vanquished Creatures (collateral kills)
  Bai Suzhen (Shoals:4)
  An orc warlord (Orc:2)
  2 sea snakes
  A wind drake (Shoals:3)
  An orc warrior (Orc:2)
  A plant (Shoals:4)
7 creatures vanquished.

Vanquished Creatures (others)
  A yak (D:9)
  A slave (D:6)
  An iguana (Lair:6)
  5 fungi
  13 plants
21 creatures vanquished.

Grand Total: 763 creatures vanquished

Notes
Turn   | Place    | Note
-------+----------+-------------------------------------------
     0 | D:1      | DrEnzyme the Kobold Wanderer began the quest for the Orb.
     0 | D:1      | DrEnzyme set off with the following items: a +0 dagger, 3
                  | throwing nets, a potion of lignification, a +0 leather
                  | armour, a ration; and the following spells available to
                  | memorise: Blink, Shroud of Golubria
     0 | D:1      | Reached XP level 1. HP: 12/12 MP: 2/2
   532 | D:1      | Reached XP level 2. HP: 16/16 MP: 3/3
  1291 | D:1      | Reached skill level 1 in Short Blades
  1389 | D:1      | Reached XP level 3. HP: 20/20 MP: 4/4
  1662 | D:2      | Noticed Terence
  1777 | D:2      | Killed Terence
  1777 | D:2      | Reached XP level 4. HP: 22/25 MP: 5/5
  2605 | D:3      | Reached skill level 1 in Armour
  2722 | D:3      | Noticed Sigmund
  2917 | D:3      | Found an ancient bone altar of Kikubaaqudgha.
  3026 | D:3      | Reached XP level 5. HP: 16/30 MP: 6/6
  3406 | D:3      | Found a stormy altar of Qazlal.
  3590 | D:3      | Found a runed translucent door.
  3591 | D:3      | Noticed Crazy Yiuf
  3791 | D:3      | Found a sparkling altar of Nemelex Xobeh.
  3987 | D:4      | Noticed a phantom
  4728 | D:4      | Noticed an ogre
  5075 | D:4      | Reached XP level 6. HP: 33/35 MP: 7/7
  5081 | D:4      | Found a staircase to the Ecumenical Temple.
  5095 | Temple   | Entered the Ecumenical Temple
  5275 | Temple   | Became a worshipper of Elyvilon the Healer
  5325 | D:4      | Noticed Natasha
  5347 | D:4      | Killed Natasha
  5469 | D:4      | Killed an ogre
  5522 | D:4      | Found a runed translucent gate.
  5522 | D:4      | Found a runed translucent gate.
  5522 | D:4      | Found a runed translucent gate.
  5523 | D:4      | Noticed lightray's ghost (amateur GrSu)
  5524 | D:4      | Noticed pawew's ghost (amateur DEWz)
  5524 | D:4      | Noticed Heartnet's ghost (amateur DENe)
  5524 | D:4      | Noticed porkupine's ghost (amateur NaAK)
  5721 | D:4      | Noticed Natasha
  5731 | D:4      | Killed Natasha
  5731 | D:4      | Reached XP level 7. HP: 29/40 MP: 8/8
  5817 | D:5      | Entered Level 5 of the Dungeon
  5901 | D:4      | Noticed Natasha
  5979 | D:5      | Reached * piety under Elyvilon
  6102 | D:5      | Reached skill level 5 in Short Blades
  6553 | D:5      | Gained mutation: Your muscles are strong. (Str +2) [potion
                  | of mutation]
  6553 | D:5      | Gained mutation: You are agile. (Dex +2) [potion of
                  | mutation]
  6653 | D:5      | Reached skill level 5 in Stealth
  6740 | D:6      | Noticed Pikel
  7007 | D:6      | Noticed Menkaure
  7142 | D:6      | Reached XP level 8. HP: 33/45 MP: 9/9
  7625 | D:7      | Reached ** piety under Elyvilon
  7755 | D:7      | Found Bale's Gadget Boutique.
  7761 | D:7      | Reached skill level 1 in Bows
  7787 | D:7      | Reached skill level 2 in Bows
  7838 | D:7      | Noticed a hippogriff
  8287 | D:7      | Killed a hippogriff
  8287 | D:7      | Reached skill level 3 in Bows
  8287 | D:7      | Reached skill level 5 in Dodging
  8374 | D:7      | Reached XP level 9. HP: 27/51 MP: 10/10
  8375 | D:7      | Noticed Duvessa
  8492 | D:7      | Noticed Dowan
  8502 | D:7      | Reached skill level 4 in Bows
  8514 | D:7      | Killed Duvessa
  8574 | D:7      | Killed Dowan
  8864 | D:7      | Got a bloodstained falchion
  8865 | D:7      | Identified the cursed +0 falchion "Hiruiser" {vorpal, *Rage
                  | rElec rF++ SInv} (You found it on level 7 of the Dungeon)
  9031 | D:7      | Found a sacrificial altar of Ru.
  9044 | D:7      | Found a glowing golden altar of the Shining One.
  9330 | D:7      | Reached skill level 5 in Bows
  9746 | D:8      | Reached skill level 1 in Invocations
 10092 | D:8      | Noticed Prince Ribbit
 10166 | D:8      | Reached skill level 6 in Bows
 10358 | D:8      | Killed Prince Ribbit
 10599 | D:8      | Reached skill level 7 in Bows
 10962 | D:8      | Reached *** piety under Elyvilon
 11090 | D:8      | Noticed Psyche
 11262 | D:5      | Reached XP level 10. HP: 44/57 MP: 11/11
 11629 | D:4      | Killed Natasha
 11783 | D:6      | Killed Menkaure
 11827 | D:6      | Reached skill level 8 in Bows
 12264 | D:6      | Killed Pikel
 12749 | D:9      | Found a staircase to the Orcish Mines.
 12955 | D:9      | Found a staircase to the Lair.
 13049 | D:9      | Reached skill level 5 in Fighting
 13079 | D:9      | Reached skill level 9 in Bows
 14086 | D:10     | Entered Level 10 of the Dungeon
 14224 | D:10     | Reached **** piety under Elyvilon
 14252 | D:10     | Reached XP level 11. HP: 57/64 MP: 14/14
 14911 | D:10     | Reached skill level 5 in Armour
 14911 | D:10     | Reached skill level 5 in Invocations
 15256 | D:10     | Killed an unseen horror
 15494 | D:10     | Noticed a two-headed ogre
 15547 | Lair:1   | Entered Level 1 of the Lair of Beasts
 15547 | Lair:1   | Reached ***** piety under Elyvilon
 15617 | Lair:1   | Reached skill level 10 in Bows
 18124 | D:7      | Fell from the grace of Elyvilon
 18124 | D:7      | Became a worshipper of the Shining One
 18124 | D:7      | Reached * piety under the Shining One
 18124 | D:7      | Reached ** piety under the Shining One
 18537 | Lair:2   | Reached skill level 11 in Bows
 19242 | Lair:3   | Reached XP level 12. HP: 71/71 MP: 16/16
 19669 | Lair:3   | Found a staircase to the Shoals.
 20291 | Lair:4   | Reached skill level 12 in Bows
 20422 | Lair:4   | Found a hole to the Spider Nest.
 20626 | Lair:4   | Reached *** piety under the Shining One
 21020 | Lair:4   | Noticed a four-headed hydra
 21027 | Lair:4   | Killed a four-headed hydra
 21151 | Lair:4   | Noticed an eight-headed hydra
 21183 | Lair:4   | Killed an eight-headed hydra
 21339 | Lair:4   | Reached skill level 13 in Bows
 21453 | Lair:5   | Reached XP level 13. HP: 77/77 MP: 18/18
 21770 | Orc:1    | Entered Level 1 of the Orcish Mines
 21770 | Orc:1    | Found a roughly hewn altar of Beogh.
 21948 | Orc:1    | Noticed Erolcha
 21959 | Orc:1    | Killed Erolcha
 22104 | Orc:1    | Found Zililun's Book Boutique.
 22311 | Orc:2    | Entered Level 2 of the Orcish Mines
 22385 | Orc:2    | Found a staircase to the Elven Halls.
 22830 | Orc:2    | Noticed an orc warlord
 22883 | Orc:2    | Noticed an orc warlord
 23021 | Orc:1    | Reached skill level 14 in Bows
 23095 | Orc:2    | Reached **** piety under the Shining One
 23220 | Orc:2    | Found a roughly hewn altar of Beogh.
 23499 | Orc:2    | Paralysed by an orc sorcerer for 2 turns
 23811 | D:11     | Noticed Urug
 23915 | D:11     | Killed Urug
 23949 | D:11     | Found Kykhlicze's Antique Armour Emporium.
 23983 | D:11     | Bought a shiny scale mail for 196 gold pieces
 23983 | D:11     | Bought a cloak for 126 gold pieces
 23997 | D:11     | Noticed Sonja
 24005 | D:11     | Killed Sonja
 24755 | D:11     | Noticed Maurice
 24763 | D:11     | Killed Maurice
 24841 | D:11     | Noticed a six-headed hydra
 24868 | D:11     | Killed a six-headed hydra
 25138 | D:12     | Found a gate leading to a gauntlet.
 25138 | D:12     | Noticed Snorg
 25185 | D:11     | Killed Snorg
 25268 | D:12     | Reached ***** piety under the Shining One
 25553 | Gauntlet | Entered a Gauntlet
 25553 | Gauntlet | Found a transporter.
 25553 | Gauntlet | Found a transporter.
 25554 | Gauntlet | Found a transporter.
 25557 | Gauntlet | Found a transporter.
 25558 | Gauntlet | Found a transporter.
 25569 | Gauntlet | Found a transporter.
 25590 | Gauntlet | Found a transporter.
 25596 | Gauntlet | Found a transporter.
 25619 | Gauntlet | Found a transporter.
 25626 | Gauntlet | Found a transporter.
 25626 | Gauntlet | Found a transporter.
 25739 | Gauntlet | Found a transporter.
 25801 | Gauntlet | Noticed a shadow dragon
 25802 | Gauntlet | Noticed a frost giant
 25802 | Gauntlet | a shadow dragon changed into a frost giant
 25803 | Gauntlet | a frost giant changed into an iron troll
 25807 | Gauntlet | Noticed a golden dragon
 25807 | Gauntlet | an iron troll changed into a golden dragon
 25832 | Gauntlet | Reached XP level 14. HP: 59/86 MP: 8/20
 25840 | Gauntlet | Noticed an acid blob
 25843 | Gauntlet | Noticed a golden dragon
 25843 | Gauntlet | an acid blob changed into a golden dragon
 25844 | Gauntlet | Got a steaming tin ring
 25844 | Gauntlet | Noticed a sphinx
 25844 | Gauntlet | a golden dragon changed into a sphinx
 25851 | Gauntlet | a sphinx changed into a death yak
 25873 | Gauntlet | Noticed a ghost moth
 25873 | Gauntlet | a fire dragon changed into a ghost moth
 25877 | Gauntlet | a ghost moth changed into a catoblepas
 25878 | Gauntlet | Noticed a minotaur
 25878 | Gauntlet | a catoblepas changed into a minotaur
 25881 | Gauntlet | Noticed an azure jelly
 25881 | Gauntlet | a minotaur changed into an azure jelly
 25882 | Gauntlet | Noticed a frost giant
 25882 | Gauntlet | an azure jelly changed into a frost giant
 25885 | Gauntlet | Noticed a shadow dragon
 25885 | Gauntlet | a frost giant changed into a shadow dragon
 25890 | Gauntlet | Noticed a fire giant
 25890 | Gauntlet | a shadow dragon changed into a fire giant
 25893 | Gauntlet | a fire giant changed into an alligator snapping turtle
 25903 | Gauntlet | Noticed a sphinx
 25903 | Gauntlet | an alligator snapping turtle changed into a sphinx
 25906 | Gauntlet | Noticed a fire giant
 25906 | Gauntlet | a sphinx changed into a fire giant
 25910 | Gauntlet | Noticed a dire elephant
 25910 | Gauntlet | a fire giant changed into a dire elephant
 25911 | Gauntlet | Noticed an emperor scorpion
 25911 | Gauntlet | a dire elephant changed into an emperor scorpion
 25913 | Gauntlet | Noticed an entropy weaver
 25913 | Gauntlet | an emperor scorpion changed into an entropy weaver
 25914 | Gauntlet | an entropy weaver changed into a tyrant leech
 25950 | Gauntlet | Identified the ring "Mianaroe" {rC++ rN+ Stlth-} (You found
                  | it in a Gauntlet)
 25979 | Gauntlet | Identified the cursed +1 trident of Abomination {protect,
                  | +Rage rPois MP+9}
 25979 | Gauntlet | Noticed a minotaur
 26012 | Gauntlet | Identified the Tome of Enhancements and Changing
 26015 | Gauntlet | Identified the Almanac of Protection
 26579 | D:12     | Reached skill level 15 in Bows
 26593 | D:12     | Reached skill level 1 in Shields
 27589 | Orc:2    | Reached skill level 10 in Fighting
 27601 | Orc:2    | Identified the cursed +1 chain mail of Crawling {*Contam
                  | rF+ Str+4}
 27946 | Orc:2    | Identified the ring "Daytenku" {rPois rC+ Int+3}
 28005 | Orc:2    | Found Sedgh's Antique Weapon Boutique.
 28005 | Orc:2    | Found Laxe's Magic Scroll Boutique.
 28006 | Orc:2    | Found Yda Pyorch's Gadget Shoppe.
 28006 | Orc:2    | Found Vucah's Magic Scroll Shoppe.
 28039 | Orc:2    | Bought a scroll of identify for 26 gold pieces
 28039 | Orc:2    | Bought a scroll of identify for 26 gold pieces
 28039 | Orc:2    | Bought a scroll of identify for 26 gold pieces
 28039 | Orc:2    | Bought a scroll of identify for 26 gold pieces
 28199 | Orc:2    | Killed an orc warlord
 28446 | Orc:2    | Killed an orc warlord
 28670 | Orc:2    | Identified the Grimoire of Venom
 28852 | Orc:1    | Bought a manual of Shields for 1435 gold pieces
 29617 | Lair:5   | Reached XP level 15. HP: 93/93 MP: 22/22
 30568 | Lair:6   | Entered Level 6 of the Lair of Beasts
 30765 | Orc:2    | Bought a scroll of enchant armour for 120 gold pieces
 31106 | Lair:6   | Found a staircase to the Slime Pits.
 31107 | Lair:6   | Found a viscous altar of Jiyva.
 31330 | Lair:6   | Reached skill level 5 in Shields
 32676 | Lair:6   | Reached ****** piety under the Shining One
 34119 | Orc:2    | Bought 3 scrolls of enchant weapon for 360 gold pieces
 34119 | Orc:2    | Bought a scroll of enchant armour for 120 gold pieces
 34262 | Shoals:1 | Entered Level 1 of the Shoals
 34335 | Shoals:1 | Reached skill level 16 in Bows
 34353 | Shoals:1 | Reached skill level 10 in Short Blades
 35270 | Shoals:1 | Reached XP level 16. HP: 103/103 MP: 23/23
 35487 | Shoals:1 | Learned a level 2 spell: Blink
 37345 | Shoals:4 | Entered Level 4 of the Shoals
 37847 | Shoals:4 | Noticed Bai Suzhen
 38144 | Shoals:4 | Killed Bai Suzhen
 38371 | Shoals:4 | Reached XP level 17. HP: 103/112 MP: 24/24
 38476 | Shoals:4 | Identified the Papyrus of Contamination and Darkness
 38794 | Shoals:4 | Reached skill level 15 in Fighting
 38952 | Shoals:4 | Killed from afar by a merfolk aquamancer

Levels and vault maps discovered:
D:1:      sevenhm_arrival_forest_fort_small_4, layout_basic
D:2:      layout_rooms, minmay_misc_feat_five, uniq_terence
D:3:      layout_loops_ring, grunt_qazlal_sundering, kiku_gazebo_pond_becter,
          nemelex_xobeh_ov_fountains_minmay, uniq_sigmund,
          uniq_crazy_yiuf_cottage
D:4:      layout_cave_pods, minmay_temple_entry_mini_moons,
          gammafunk_ghost_cemetery, first_ration, uniq_natasha
D:5:      layout_loops_ring
D:6:      layout_loops_cross, minmay_misc_feat_more_columns, uniq_pikel,
          uniq_menkaure
D:7:      layout_rooms, amethyst_overflow_temple_binary, serial_shops,
          nicolae_shop_waterfront, uniq_duvessa
D:8:      layout_gridville, grunt_ministairs_6, serial_bayou_pond_c,
          uniq_prince_ribbit1, uniq_psyche
D:9:      layout_roguey, lair_entry_dummy, orc_0_dummy
D:10:     layout_loops_ring
D:11:     layout_basic, serial_shops, shop, blue_anna_alchemist
          [blue_anna_fruit_fields, blue_anna_fruit_fields], uniq_urug,
          uniq_maurice, uniq_sonja
D:12:     layout_basic, gauntlet_entry_generic, minmay_microvault, uniq_snorg
D:13:     layout_gridville, serial_shops, shop, uniq_nessos
Temple:   regret_index_temple_mists
Lair:1:   layout_gridlike, patterned_corridor
Lair:2:   layout_hall_layers, serial_bayou_shore_a, serial_bayou_shore_b
Lair:3:   layout_long_grid, minmay_shoals_entry_lonely_mermaid
Lair:4:   layout_regular_city, nicolae_spider_entry_non_spiders,
          grunt_megastairs_5
Lair:5:   layout_concentric_octagons, nicolae_quartered_pool_super
Lair:6:   hangedman_lair_caniforms_friends, layout_long_grid,
          guppyfry_lair_end_dragon, slime_altar_1, kennysheep_abandoned_house
Shoals:1: layout_shoals
Shoals:2: layout_shoals, ldierk_geyser
Shoals:3: argonaut_golden_fleece, layout_shoals,
          nicolae_shoals_siren_and_animal_friends
Shoals:4: shoals_end_simple, layout_shoals, uniq_aizul, uniq_bai_suzhen
Orc:1:    layout_diamond_mine, serial_shops, nicolae_shop_waterfront,
          basic_altar, nicolae_orc_rockfall, uniq_erolcha
Orc:2:    st_orc_elflike, layout_caves, basic_altar, minmay_orc_treasury

Skill      XL: |  1  2  3  4  5  6  7  8  9 10 11 12 13 14 15 16 17 |
---------------+----------------------------------------------------+-----
Stealth        | 3 4 5 6 7 |  7.1
Dodging        | 3 4 5 6 7 8 9 |  9.0
Short Blades   | 1 2 3 4 5 6 7 8 10 | 10.3
Armour         | 1 2 3 4 5 6 7 8 |  8.4
Fighting       | 2 3 4 5 6 7 9 10 12 14 15 | 15.1
Bows           | 3 7 9 11 13 14 15 16 | 16.6
Invocations    | 2 4 6 7 8 9 |  9.8
Shields        | 3 6 8 |  8.8
Unarmed Combat | |  1.0
Spellcasting   | |  1.1
Translocations | |  2.0
Evocations     | |  1.2

Action                   |  1- 3 |  4- 6 |  7- 9 | 10-12 | 13-15 | 16-18 || total
-------------------------+-------+-------+-------+-------+-------+-------++-------
Melee: Dagger            |   108 |   217 |   289 |   266 |    76 |       ||   956
       Punch             |       |     1 |     2 |     3 |     9 |       ||    15
       Short sword       |       |       |    14 |    63 |   345 |       ||   422
       Rapier            |       |       |       |       |       |    70 ||    70
 Fire: Shortbow          |       |       |   129 |   540 |  1451 |   572 ||  2692
Throw: Throwing net      |     1 |     3 |     1 |       |     1 |       ||     6
Invok: Lesser Healing    |       |       |     1 |     2 |       |       ||     3
       Heal Other        |       |       |       |     3 |       |       ||     3
       Greater Healing   |       |       |       |     1 |       |       ||     1
       Divine Shield     |       |       |       |     1 |     1 |     2 ||     4
       Cleansing Flame   |       |       |       |       |     7 |     2 ||     9
       Summon Divine War |       |       |       |       |     2 |     4 ||     6
Evoke: Wand              |       |       |       |     5 |     1 |       ||     6
  Use: Potion            |       |     2 |     3 |       |     9 |     2 ||    16
       Scroll            |       |     1 |    11 |     9 |    18 |     5 ||    44
 Stab: Sleeping          |     3 |     2 |     3 |     2 |       |       ||    10
       Distracted        |       |     2 |       |     1 |       |       ||     3
       Held in net/web   |       |     1 |       |       |       |       ||     1
  Eat: Chunk             |    11 |    13 |    16 |    34 |    42 |    10 ||   126
       Ration            |       |       |       |       |       |     1 ||     1
Armor: Leather armour    |    28 |    28 |    48 |     5 |       |       ||   109
       Skin              |       |       |    42 |       |       |       ||    42
       Scale mail        |       |       |       |    97 |   364 |   100 ||   561
       Storm dragon scal |       |       |       |       |       |    30 ||    30
Dodge: Dodged            |    95 |   132 |   201 |   236 |   724 |   227 ||  1615
Block: Other             |       |       |       |     2 |     4 |     9 ||    15

Table legend:
 A = Non-vault XP
 B = Vault XP
 C = Vault XP percentage of total XP
 D = Non-vault monster count
 E = Vault monster count
 F = Vault count percentage of total count
                 A         B        C        D         E       F
            +---------+---------+-------+---------+---------+-------
      Total |  100446 |   61996 |  38.2 |     521 |     215 |  29.2
            +---------+---------+-------+---------+---------+-------
        D:1 |      31 |       0 |   0.0 |      21 |       0 |   0.0
        D:2 |      17 |      36 |  67.9 |       9 |       1 |  10.0
        D:3 |     133 |       0 |   0.0 |      26 |       0 |   0.0
        D:4 |     304 |      35 |  10.3 |      18 |       1 |   5.3
        D:5 |     317 |       0 |   0.0 |       5 |       0 |   0.0
        D:6 |    1343 |     842 |  38.5 |      27 |       2 |   6.9
        D:7 |     892 |     339 |  27.5 |      16 |       3 |  15.8
        D:8 |    1102 |     343 |  23.7 |      28 |       6 |  17.6
        D:9 |    1348 |       0 |   0.0 |      20 |       0 |   0.0
       D:10 |    3404 |       0 |   0.0 |      19 |       0 |   0.0
       D:11 |    5353 |    3297 |  38.1 |      24 |       5 |  17.2
       D:12 |    3677 |     549 |  13.0 |      32 |       1 |   3.0
       D:13 |    1676 |       0 |   0.0 |       6 |       0 |   0.0
     Lair:1 |    3930 |       0 |   0.0 |      18 |       0 |   0.0
     Lair:2 |    1715 |       0 |   0.0 |      16 |       0 |   0.0
     Lair:3 |    3065 |     442 |  12.6 |      14 |       1 |   6.7
     Lair:4 |    8155 |    1256 |  13.3 |      23 |      12 |  34.3
     Lair:5 |   12492 |    1057 |   7.8 |      33 |       5 |  13.2
     Lair:6 |    6186 |   14312 |  69.8 |      20 |      75 |  78.9
   Shoals:1 |    7769 |       0 |   0.0 |      17 |       0 |   0.0
   Shoals:2 |   15747 |     959 |   5.7 |      28 |       2 |   6.7
   Shoals:3 |   13248 |    1251 |   8.6 |      29 |       2 |   6.5
   Shoals:4 |    5859 |   17012 |  74.4 |      12 |      24 |  66.7
      Orc:1 |    1300 |    3175 |  70.9 |      28 |       8 |  22.2
      Orc:2 |    1383 |   14507 |  91.3 |      32 |      60 |  65.2
   Gauntlet |       0 |    2584 | 100.0 |       0 |       7 | 100.0
            +---------+---------+-------+---------+---------+-------
